Workbook

Sheet Orçamento EMPRESA
A2: DADOS DA EMPRESA
A3: DADOS DA EMPRESA
A6: Planilha de Orçamento - GLOBAL
A8: Obra: ADEQUAÇÕES NA INFRAESTRUTURA DOS BLOCOS 3 e 4 | F8: Endereço: Rua Pinheiro Machado, 205
A9: Cliente: CÂMPUS AVANÇADO NOVO HAMBURGO | F9: Cidade: Novo Hamburgo - RS | J9: BDI = | L9: DATA
A10: Item/Descrição | B10: Qtd. | C10: Un | D10: Mão-de-Obra | F10: Material | H10: Custo Unit. Total | I10: Custo Direto | J10: BDI | L10: Sub-Total do Item | M10: Total do Item
D11: Custo Unitário | E11: Custo Parcial | F11: Custo Unitário | G11: Custo Parcial | J11: Valor | K11: %
A13: 2. SERVIÇOS PRELIMINARES / TÉCNICOS | M13: =SUM(L15:L31) -> 0
A14: 2. 5. INSTALAÇÃO DO CANTEIRO DE OBRAS
A15: 2. 5. 1. BARRACÕES
A16: .1 LOCAÇÃO CONTAINER 2,30x6,00/h=2,50m P/DEPÓSITO S/DIVISÓRIA (para depósito de materiais e almoxarifado) | B16: 2 | C16: MS | E16: =D16*B16 -> 0 | G16: =F16*B16 -> 0 | H16: =+D16+F16 -> 0 | I16: =E16+G16 -> 0 | J16: =((K16/100)*I16)*100 -> 0 | K16: =K9 -> 0 | L16: =I16+J16 -> 0
A17: .2 MOBILIZAÇÃO E DESMOBILIZAÇÃO (FRETES) | B17: 2 | C17: UN | E17: =D17*B17 -> 0 | G17: =F17*B17 -> 0 | H17: =+D17+F17 -> 0 | I17: =E17+G17 -> 0 | J17: =((K17/100)*I17)*100 -> 0 | K17: =K9 -> 0 | L17: =I17+J17 -> 0
A18: 2. 6. TAPUMES | N18: z
A19: 2. 6. 3. TELA DE POLIETILENO | N19: e
A20: .1 TAPUME COM TELA DE POLIETILENO, ALTURA 1,20M, INCL. SUPORTE | B20: 20 | C20: M | E20: =D20*B20 -> 0 | G20: =F20*B20 -> 0 | H20: =+D20+F20 -> 0 | I20: =E20+G20 -> 0 | J20: =((K20/100)*I20)*100 -> 0 | K20: =K9 -> 0 | L20: =I20+J20 -> 0
A21: 2. 7. PLACAS DE IDENTIFICAÇÃO DE EXERCÍCIO PROFISSIONAL EM OBRAS
A22: 2. 7. 2. PLACA DE IDENTIFICAÇÃO - ÓRGÃO CONTRATANTE
A23: .1 PLACA DE OBRA-PINTADA/FIXADA ESTRUTURA DE MADEIRA* | B23: 2.03 | C23: M2 | E23: =D23*B23 -> 0 | G23: =F23*B23 -> 0 | H23: =+D23+F23 -> 0 | I23: =E23+G23 -> 0 | J23: =((K23/100)*I23)*100 -> 0 | K23: =K9 -> 0 | L23: =I23+J23 -> 0
A24: 2.8. DEMOLIÇÕES E REMOÇÕES
A25: 2. 8. 7. DEMOLIÇÃO E REMOÇÃO DE PISOS
A26: .1 DEMOLIÇÃO DE PISO CIMENTADO | B26: 2.47 | C26: M2 | E26: =D26*B26 -> 0 | G26: =F26*B26 -> 0 | H26: =+D26+F26 -> 0 | I26: =E26+G26 -> 0 | J26: =((K26/100)*I26)*100 -> 0 | K26: =K9 -> 0 | L26: =I26+J26 -> 0
A27: .2 REMOCAO E REPOSICAO DE BASALTO IRREGULAR-ARG.CA-AR | B27: 8.72 | C27: M2 | E27: =D27*B27 -> 0 | G27: =F27*B27 -> 0 | H27: =+D27+F27 -> 0 | I27: =E27+G27 -> 0 | J27: =((K27/100)*I27)*100 -> 0 | K27: =K9 -> 0 | L27: =I27+J27 -> 0
A28: 2.11. LIMPEZA PERMANENTE DA OBRA
A29: .1 LIMPEZA PERMANENTE DA OBRA* | B29: 68.36 | C29: M2 | E29: =D29*B29 -> 0 | G29: =F29*B29 -> 0 | H29: =+D29+F29 -> 0 | I29: =E29+G29 -> 0 | J29: =((K29/100)*I29)*100 -> 0 | K29: =K9 -> 0 | L29: =I29+J29 -> 0
A30: 2.12. MÁQUINAS, EQUIPAMENTOS E FERRAMENTAS
A31: .1 ANDAIME METÁLICO P/ FACHADA 2-4PAV. REAPROV. 3X - LOCAÇÃO MÊS | B31: 5 | C31: M2 | E31: =D31*B31 -> 0 | G31: =F31*B31 -> 0 | H31: =+D31+F31 -> 0 | I31: =E31+G31 -> 0 | J31: =((K31/100)*I31)*100 -> 0 | K31: =$K$9 -> 0 | L31: =I31+J31 -> 0
A32: 3. MOVIMENTO DE TERRA | M32: =SUM(L33:L39) -> 0
A33: 3. 1. ESCAVAÇÕES
A34: .1 ESCAVACAO MANUAL DE SOLO DE 1A. ATE 1,50M | B34: 33.41 | C34: M3 | E34: =D34*B34 -> 0 | G34: =F34*B34 -> 0 | H34: =+D34+F34 -> 0 | I34: =E34+G34 -> 0 | J34: =((K34/100)*I34)*100 -> 0 | K34: =$K$9 -> 0 | L34: =I34+J34 -> 0
A35: .2 LOCAÇÃO DE CAÇAMBA COLETORA DE 5M³ | B35: 5 | C35: UN | G35: =F35*B35 -> 0 | H35: =+D35+F35 -> 0 | I35: =E35+G35 -> 0 | J35: =((K35/100)*I35)*100 -> 0 | K35: =$K$9 -> 0 | L35: =I35+J35 -> 0
A36: 3. 2. ATERROS
A37: 3. 2. 2. REATERRO E COMPACTAÇÃO MANUAL DE VALAS
A38: .1 REATERRO MANUAL DE VALAS COM MATERAIL LOCAL | B38: 7 | C38: M3 | E38: =D38*B38 -> 0 | G38: =F38*B38 -> 0 | H38: =+D38+F38 -> 0 | I38: =E38+G38 -> 0 | J38: =((K38/100)*I38)*100 -> 0 | K38: =$K$9 -> 0 | L38: =I38+J38 -> 0
A39: .2 REATERRO MANUAL DE VALAS COM AREIA | B39: 20.38 | C39: M3 | E39: =D39*B39 -> 0 | G39: =F39*B39 -> 0 | H39: =+D39+F39 -> 0 | I39: =E39+G39 -> 0 | J39: =((K39/100)*I39)*100 -> 0 | K39: =$K$9 -> 0 | L39: =I39+J39 -> 0
A40: 10. INSTALAÇÕES ELÉTRICAS | M40: =SUM(L40:L84) -> 0
A41: 10. 1. INSTALAÇÕES DE BAIXA TENSÃO
A42: 10. 1. 3. CONDUTORES
A43: .1 CABO ISOLADO FLEXIVEL 2.5MM2 (12AWG) | B43: 760 | C43: M | E43: =D43*B43 -> 0 | G43: =F43*B43 -> 0 | H43: =+D43+F43 -> 0 | I43: =E43+G43 -> 0 | J43: =((K43/100)*I43)*100 -> 0 | K43: =$K$9 -> 0 | L43: =I43+J43 -> 0
A44: .2 CABO ISOLADO 70MM2 - 1000V (3/0AWG) | B44: 345 | C44: M | E44: =D44*B44 -> 0 | G44: =F44*B44 -> 0 | H44: =+D44+F44 -> 0 | I44: =E44+G44 -> 0 | J44: =((K44/100)*I44)*100 -> 0 | K44: =$K$9 -> 0 | L44: =I44+J44 -> 0
A45: .3 TERMINAL TIPO GARFO/OLHAL/PINO 1,5/2,5MM2 | B45: 30 | C45: UN | E45: =D45*B45 -> 0 | G45: =F45*B45 -> 0 | H45: =+D45+F45 -> 0 | I45: =E45+G45 -> 0 | J45: =((K45/100)*I45)*100 -> 0 | K45: =$K$9 -> 0 | L45: =I45+J45 -> 0
A46: .4 TERMINAL TIPO GARFO/OLHAL/PINO 4/6MM2 | B46: 3 | C46: UN | E46: =D46*B46 -> 0 | G46: =F46*B46 -> 0 | H46: =+D46+F46 -> 0 | I46: =E46+G46 -> 0 | J46: =((K46/100)*I46)*100 -> 0 | K46: =$K$9 -> 0 | L46: =I46+J46 -> 0
A47: .5 TERMINAL NÚ DE COMPRESSÃO 70MM2 | B47: 8 | C47: UN | E47: =D47*B47 -> 0 | G47: =F47*B47 -> 0 | H47: =+D47+F47 -> 0 | I47: =E47+G47 -> 0 | J47: =((K47/100)*I47)*100 -> 0 | K47: =$K$9 -> 0 | L47: =I47+J47 -> 0
A48: 10. 1. 4. ELETRODUTOS E ACESSÓRIOS
A49: .1 ELETRODUTO PVC RIGIDO ROSCAVEL 2" (51MM) (SUBIDA QUADRO CD1) | B49: 3 | C49: M | E49: =D49*B49 -> 0 | G49: =F49*B49 -> 0 | H49: =+D49+F49 -> 0 | I49: =E49+G49 -> 0 | J49: =((K49/100)*I49)*100 -> 0 | K49: =$K$9 -> 0 | L49: =I49+J49 -> 0
A50: .2 BOX MACHO GIRATÓRIO 2" | B50: 2 | C50: UN | E50: =D50*B50 -> 0 | G50: =F50*B50 -> 0 | H50: =+D50+F50 -> 0 | I50: =E50+G50 -> 0 | J50: =((K50/100)*I50)*100 -> 0 | K50: =$K$9 -> 0 | L50: =I50+J50 -> 0
A51: .3 ABRAÇADEIRA AÇO ZINC. TIPO D C/TRAVA P/ELETR. 2" (53MM) | B51: 4 | C51: UN | E51: =D51*B51 -> 0 | G51: =F51*B51 -> 0 | H51: =+D51+F51 -> 0 | I51: =E51+G51 -> 0 | J51: =((K51/100)*I51)*100 -> 0 | K51: =$K$9 -> 0 | L51: =I51+J51 -> 0
A52: .4 ELETRODUTO PVC RIGIDO ROSCAVEL 4"(101MM) | B52: 270 | C52: M | E52: =D52*B52 -> 0 | G52: =F52*B52 -> 0 | H52: =+D52+F52 -> 0 | I52: =E52+G52 -> 0 | J52: =((K52/100)*I52)*100 -> 0 | K52: =$K$9 -> 0 | L52: =I52+J52 -> 0
A53: .5 CURVA 90 ELETRODUTO PVC RIGIDO 4" (101MM) | B53: 1 | C53: UN | E53: =D53*B53 -> 0 | G53: =F53*B53 -> 0 | H53: =+D53+F53 -> 0 | I53: =E53+G53 -> 0 | J53: =((K53/100)*I53)*100 -> 0 | K53: =$K$9 -> 0 | L53: =I53+J53 -> 0
A54: .6 BOX MACHO GIRATÓRIO 1" | B54: 1 | C54: UN | E54: =D54*B54 -> 0 | G54: =F54*B54 -> 0 | H54: =+D54+F54 -> 0 | I54: =E54+G54 -> 0 | J54: =((K54/100)*I54)*100 -> 0 | K54: =$K$9 -> 0 | L54: =I54+J54 -> 0
A55: .7 ELETRODUTO PVC NA COR CINZA 1" | B55: 1.7 | C55: M | E55: =D55*B55 -> 0 | G55: =F55*B55 -> 0 | H55: =+D55+F55 -> 0 | I55: =E55+G55 -> 0 | J55: =((K55/100)*I55)*100 -> 0 | K55: =$K$9 -> 0 | L55: =I55+J55 -> 0
A56: .8 ABRAÇADEIRA PVC NA COR CINZA PARA ELETRODUTO 1" | B56: 3 | C56: UN | E56: =D56*B56 -> 0 | G56: =F56*B56 -> 0 | H56: =+D56+F56 -> 0 | I56: =E56+G56 -> 0 | J56: =((K56/100)*I56)*100 -> 0 | K56: =$K$9 -> 0 | L56: =I56+J56 -> 0
A57: .9 ELETRODUTO PVC NA COR CINZA 3/4" | B57: 86 | C57: M | E57: =D57*B57 -> 0 | G57: =F57*B57 -> 0 | H57: =+D57+F57 -> 0 | I57: =E57+G57 -> 0 | J57: =((K57/100)*I57)*100 -> 0 | K57: =$K$9 -> 0 | L57: =I57+J57 -> 0
A58: .10 ABRAÇADEIRA PVC NA COR CINZA PARA ELETRODUTO 3/4" | B58: 115 | C58: UN | E58: =D58*B58 -> 0 | G58: =F58*B58 -> 0 | H58: =+D58+F58 -> 0 | I58: =E58+G58 -> 0 | J58: =((K58/100)*I58)*100 -> 0 | K58: =$K$9 -> 0 | L58: =I58+J58 -> 0
A59: .11 CURVA 90 ELETRODUTO PVC NA COR CINZA 3/4" | B59: 10 | C59: UN | E59: =D59*B59 -> 0 | G59: =F59*B59 -> 0 | H59: =+D59+F59 -> 0 | I59: =E59+G59 -> 0 | J59: =((K59/100)*I59)*100 -> 0 | K59: =$K$9 -> 0 | L59: =I59+J59 -> 0
A60: .12 ADAPTADOR P/ CONDULETE PVC 3/4" COR CINZA | B60: 102 | C60: UN | E60: =D60*B60 -> 0 | G60: =F60*B60 -> 0 | H60: =+D60+F60 -> 0 | I60: =E60+G60 -> 0 | J60: =((K60/100)*I60)*100 -> 0 | K60: =$K$9 -> 0 | L60: =I60+J60 -> 0
A61: .13 CONJ. PARAFUSO + BUCHA DE NYLON S-8 | B61: 152 | C61: UN | E61: =D61*B61 -> 0 | G61: =F61*B61 -> 0 | H61: =+D61+F61 -> 0 | I61: =E61+G61 -> 0 | J61: =((K61/100)*I61)*100 -> 0 | K61: =$K$9 -> 0 | L61: =I61+J61 -> 0
A62: 10. 1. 5. QUADROS DE CARGA
A63: .1 QUADRO DE DIST. DE ENERGIA DE SOBREPOR P/ 44 DISJ. DIN, COM BARRAMENTOS DE 100A, INCL. BARRA TERRA E NEUTRO | B63: 1 | C63: UN | E63: =D63*B63 -> 0 | G63: =F63*B63 -> 0 | H63: =+D63+F63 -> 0 | I63: =E63+G63 -> 0 | J63: =((K63/100)*I63)*100 -> 0 | K63: =$K$9 -> 0 | L63: =I63+J63 -> 0
A64: .2 BARRAMENTO PENTE TRIFÁSICO 100A - Jng | B64: 0.2 | C64: M | E64: =D64*B64 -> 0 | G64: =F64*B64 -> 0 | H64: =+D64+F64 -> 0 | I64: =E64+G64 -> 0 | J64: =((K64/100)*I64)*100 -> 0 | K64: =$K$9 -> 0 | L64: =I64+J64 -> 0
A65: 10. 1. 6. DISJUNTORES
A66: .1 INTERRUPTOR DIFER. DR, 4 POLOS, SENS. 30mA, CORRENTE DE 100A TIPO AC | B66: 1 | C66: UN | E66: =D66*B66 -> 0 | G66: =F66*B66 -> 0 | H66: =+D66+F66 -> 0 | I66: =E66+G66 -> 0 | J66: =((K66/100)*I66)*100 -> 0 | K66: =$K$9 -> 0 | L66: =I66+J66 -> 0
A67: .2 DISJUNTOR TRIPOLAR 100A (Geral do CD-1 Bloco 3) | B67: 1 | C67: UN | E67: =D67*B67 -> 0 | G67: =F67*B67 -> 0 | H67: =+D67+F67 -> 0 | I67: =E67+G67 -> 0 | J67: =((K67/100)*I67)*100 -> 0 | K67: =$K$9 -> 0 | L67: =I67+J67 -> 0
A68: .3 DISJUNTOR TRIPOLAR 200A (no QGBT) | B68: 1 | C68: UN | E68: =D68*B68 -> 0 | G68: =F68*B68 -> 0 | H68: =+D68+F68 -> 0 | I68: =E68+G68 -> 0 | J68: =((K68/100)*I68)*100 -> 0 | K68: =$K$9 -> 0 | L68: =I68+J68 -> 0
A69: .4 DISJUNTOR MONOPOLAR 20A | B69: 8 | C69: UN | E69: =D69*B69 -> 0 | G69: =F69*B69 -> 0 | H69: =+D69+F69 -> 0 | I69: =E69+G69 -> 0 | J69: =((K69/100)*I69)*100 -> 0 | K69: =$K$9 -> 0 | L69: =I69+J69 -> 0
A70: 10. 1. 7. CAIXAS DE PASSAGEM
A71: .1 CAIXA ALVENARIA 50X50X60CM/TAMPA FERRO FUNDIDO | B71: 3 | C71: UN | E71: =D71*B71 -> 0 | G71: =F71*B71 -> 0 | H71: =+D71+F71 -> 0 | I71: =E71+G71 -> 0 | J71: =((K71/100)*I71)*100 -> 0 | K71: =$K$9 -> 0 | L71: =I71+J71 -> 0
A72: .2 CAIXA CONDULETE PVC 20MM, CINZA, C/TOMADA DUPLA 2P+T INCLUINDO FIXAÇÃO | B72: 53 | C72: UN | E72: =D72*B72 -> 0 | G72: =F72*B72 -> 0 | H72: =+D72+F72 -> 0 | I72: =E72+G72 -> 0 | J72: =((K72/100)*I72)*100 -> 0 | K72: =$K$9 -> 0 | L72: =I72+J72 -> 0
A73: .3 CAIXA CONDULETE PVC 20MM, CINZA, COM TOMADA 2P+T INCLUINDO FIXAÇÃO | B73: 11 | C73: UN | E73: =D73*B73 -> 0 | G73: =F73*B73 -> 0 | H73: =+D73+F73 -> 0 | I73: =E73+G73 -> 0 | J73: =((K73/100)*I73)*100 -> 0 | K73: =$K$9 -> 0 | L73: =I73+J73 -> 0
A74: 10. 1. 8. PERFILADOS E ACESSÓRIOS
A75: .1 PERFILADO PERFURADO 38X38MM | B75: 18 | C75: M | E75: =D75*B75 -> 0 | G75: =F75*B75 -> 0 | H75: =+D75+F75 -> 0 | I75: =E75+G75 -> 0 | J75: =((K75/100)*I75)*100 -> 0 | K75: =$K$9 -> 0 | L75: =I75+J75 -> 0
A76: .2 SAPATA EXTERNA 4 FUROS | B76: 4 | C76: UN | E76: =D76*B76 -> 0 | G76: =F76*B76 -> 0 | H76: =+D76+F76 -> 0 | I76: =E76+G76 -> 0 | J76: =((K76/100)*I76)*100 -> 0 | K76: =$K$9 -> 0 | L76: =I76+J76 -> 0
A77: .3 EMENDA INTERNA I | B77: 3 | C77: UN | E77: =D77*B77 -> 0 | G77: =F77*B77 -> 0 | H77: =+D77+F77 -> 0 | I77: =E77+G77 -> 0 | J77: =((K77/100)*I77)*100 -> 0 | K77: =$K$9 -> 0 | L77: =I77+J77 -> 0
A78: .4 EMENDA INTERNA X | B78: 6 | C78: UN | E78: =D78*B78 -> 0 | G78: =F78*B78 -> 0 | H78: =+D78+F78 -> 0 | I78: =E78+G78 -> 0 | J78: =((K78/100)*I78)*100 -> 0 | K78: =$K$9 -> 0 | L78: =I78+J78 -> 0
A79: .5 VERGALHÃO ROSQUEAVEL 3/8", BARRA C/ 6 METROS | B79: 2 | C79: UN | E79: =D79*B79 -> 0 | G79: =F79*B79 -> 0 | H79: =+D79+F79 -> 0 | I79: =E79+G79 -> 0 | J79: =((K79/100)*I79)*100 -> 0 | K79: =$K$9 -> 0 | L79: =I79+J79 -> 0
A80: .6 GANCHO PARA PERFILADO | B80: 24 | C80: UN | E80: =D80*B80 -> 0 | G80: =F80*B80 -> 0 | H80: =+D80+F80 -> 0 | I80: =E80+G80 -> 0 | J80: =((K80/100)*I80)*100 -> 0 | K80: =$K$9 -> 0 | L80: =I80+J80 -> 0
A81: .7 CANTONEIRA ZZ | B81: 24 | C81: UN | E81: =D81*B81 -> 0 | G81: =F81*B81 -> 0 | H81: =+D81+F81 -> 0 | I81: =E81+G81 -> 0 | J81: =((K81/100)*I81)*100 -> 0 | K81: =$K$9 -> 0 | L81: =I81+J81 -> 0
A82: .8 PARAFUSO CABEÇA LENTILHA 3/8" | B82: 80 | C82: UN | E82: =D82*B82 -> 0 | G82: =F82*B82 -> 0 | H82: =+D82+F82 -> 0 | I82: =E82+G82 -> 0 | J82: =((K82/100)*I82)*100 -> 0 | K82: =$K$9 -> 0 | L82: =I82+J82 -> 0
A83: .9 CONJUNTO PORCA SEXTAVADA, ARRUELA LISA E DE PRESSÃO 3/8" | B83: 100 | C83: UN | E83: =D83*B83 -> 0 | G83: =F83*B83 -> 0 | H83: =+D83+F83 -> 0 | I83: =E83+G83 -> 0 | J83: =((K83/100)*I83)*100 -> 0 | K83: =$K$9 -> 0 | L83: =I83+J83 -> 0
A84: .10 CONJ. PARAFUSO + BUCHA DE NYLON S-8 | B84: 64 | C84: UN | E84: =D84*B84 -> 0 | G84: =F84*B84 -> 0 | H84: =+D84+F84 -> 0 | I84: =E84+G84 -> 0 | J84: =((K84/100)*I84)*100 -> 0 | K84: =$K$9 -> 0 | L84: =I84+J84 -> 0
A85: 11. INSTALAÇÕES LÓGICA/TELEFÔNICA | M85: =SUM(L86:L120) -> 0
A86: 11. 2. INSTALAÇÕES DE INFORMÁTICA
A87: 11. 2. 1. TOMADAS E CAIXAS DE PASSAGEM
A88: .1 CONECTOR FEMEA CAT.6 - BRANCO | B88: 115 | C88: UN | E88: =D88*B88 -> 0 | G88: =F88*B88 -> 0 | H88: =+D88+F88 -> 0 | I88: =E88+G88 -> 0 | J88: =((K88/100)*I88)*100 -> 0 | K88: =$K$9 -> 0 | L88: =I88+J88 -> 0
A89: .2 CAIXA CONDULETE 20MM C/TAMPA CEGA | B89: 3 | C89: UN | E89: =D89*B89 -> 0 | G89: =F89*B89 -> 0 | H89: =+D89+F89 -> 0 | I89: =E89+G89 -> 0 | J89: =((K89/100)*I89)*100 -> 0 | K89: =$K$9 -> 0 | L89: =I89+J89 -> 0
A90: .3 CAIXA CONDULETE 20MM C/ TAMPA P/TOMADA RJ-45 (WI-FI) | B90: 11 | C90: UN | E90: =D90*B90 -> 0 | G90: =F90*B90 -> 0 | H90: =+D90+F90 -> 0 | I90: =E90+G90 -> 0 | J90: =((K90/100)*I90)*100 -> 0 | K90: =$K$9 -> 0 | L90: =I90+J90 -> 0
A91: .4 CAIXA CONDULETE 25MM C/ TAMPA CEGA | B91: 2 | C91: UN | E91: =D91*B91 -> 0 | G91: =F91*B91 -> 0 | H91: =+D91+F91 -> 0 | I91: =E91+G91 -> 0 | J91: =((K91/100)*I91)*100 -> 0 | K91: =$K$9 -> 0 | L91: =I91+J91 -> 0
A92: .5 CAIXA CONDULETE 25MM C/TAMPA P/ TOMADA DUPLA RJ-45 | B92: 52 | C92: UN | E92: =D92*B92 -> 0 | G92: =F92*B92 -> 0 | H92: =+D92+F92 -> 0 | I92: =E92+G92 -> 0 | J92: =((K92/100)*I92)*100 -> 0 | K92: =$K$9 -> 0 | L92: =I92+J92 -> 0
A93: .6 CAIXA PRÉ-MOLDADA 70X40X80CM C/ TAMPA FERRO FUNDIDO 63X38CM | B93: 2 | C93: UN | E93: =D93*B93 -> 0 | G93: =F93*B93 -> 0 | H93: =+D93+F93 -> 0 | I93: =E93+G93 -> 0 | J93: =((K93/100)*I93)*100 -> 0 | K93: =$K$9 -> 0 | L93: =I93+J93 -> 0
A94: 11. 2. 2. CABOS
A95: .1 CABO ELET. GIGALAN U/UTP 23AWGX4P CAT.6 LSZH | B95: 3035 | C95: M | E95: =D95*B95 -> 0 | G95: =F95*B95 -> 0 | H95: =+D95+F95 -> 0 | I95: =E95+G95 -> 0 | J95: =((K95/100)*I95)*100 -> 0 | K95: =$K$9 -> 0 | L95: =I95+J95 -> 0
A96: .2 CABO ÓPTICO INDOOR/OUTDOOR SM (9/125 UM) 12F | B96: 85 | C96: M | E96: =D96*B96 -> 0 | G96: =F96*B96 -> 0 | H96: =+D96+F96 -> 0 | I96: =E96+G96 -> 0 | J96: =((K96/100)*I96)*100 -> 0 | K96: =$K$9 -> 0 | L96: =I96+J96 -> 0
A97: 11. 2. 3. ELETRODUTOS E ACESSÓRIOS
A98: .1 ELETRODUTO PVC RIGIDO ROSCAVEL 2"(51MM) | B98: 18 | C98: M | E98: =D98*B98 -> 0 | G98: =F98*B98 -> 0 | H98: =+D98+F98 -> 0 | I98: =E98+G98 -> 0 | J98: =((K98/100)*I98)*100 -> 0 | K98: =$K$9 -> 0 | L98: =I98+J98 -> 0
A99: .2 ELETRODUTO AÇO ZINCADO 2"(51MM) | B99: 6 | C99: M | E99: =D99*B99 -> 0 | G99: =F99*B99 -> 0 | H99: =+D99+F99 -> 0 | I99: =E99+G99 -> 0 | J99: =((K99/100)*I99)*100 -> 0 | K99: =$K$9 -> 0 | L99: =I99+J99 -> 0
A100: .3 CURVA 90 ELETRODUTO AÇO ZINCADO 2" (51MM) | B100: 4 | C100: UN | E100: =D100*B100 -> 0 | G100: =F100*B100 -> 0 | H100: =+D100+F100 -> 0 | I100: =E100+G100 -> 0 | J100: =((K100/100)*I100)*100 -> 0 | K100: =$K$9 -> 0 | L100: =I100+J100 -> 0
A101: .4 ELETRODUTO AÇO ZINCADO 3/4" (19MM) | B101: 3 | C101: M | E101: =D101*B101 -> 0 | G101: =F101*B101 -> 0 | H101: =+D101+F101 -> 0 | I101: =E101+G101 -> 0 | J101: =((K101/100)*I101)*100 -> 0 | K101: =$K$9 -> 0 | L101: =I101+J101 -> 0
A102: .5 CURVA 90 ELETRODUTO AÇO ZINCADO 3/4" (19MM) | B102: 2 | C102: UN | E102: =D102*B102 -> 0 | G102: =F102*B102 -> 0 | H102: =+D102+F102 -> 0 | I102: =E102+G102 -> 0 | J102: =((K102/100)*I102)*100 -> 0 | K102: =$K$9 -> 0 | L102: =I102+J102 -> 0
A103: .6 ELETRODUTO PVC RIGIDO ROSCAVEL 1" (25MM) | B103: 171 | C103: M | E103: =D103*B103 -> 0 | G103: =F103*B103 -> 0 | H103: =+D103+F103 -> 0 | I103: =E103+G103 -> 0 | J103: =((K103/100)*I103)*100 -> 0 | K103: =$K$9 -> 0 | L103: =I103+J103 -> 0
A104: .7 CURVA 90 ELETRODUTO PVC RIGIDO ROSCAVEL 1" (25MM) | B104: 25 | C104: UN | E104: =D104*B104 -> 0 | G104: =F104*B104 -> 0 | H104: =+D104+F104 -> 0 | I104: =E104+G104 -> 0 | J104: =((K104/100)*I104)*100 -> 0 | K104: =$K$9 -> 0 | L104: =I104+J104 -> 0
A105: .8 BUCHA ALUMÍNIO SILÍCIO P/ELETRODUTO 1" | B105: 13 | C105: UN | E105: =D105*B105 -> 0 | G105: =F105*B105 -> 0 | H105: =+D105+F105 -> 0 | I105: =E105+G105 -> 0 | J105: =((K105/100)*I105)*100 -> 0 | K105: =$K$9 -> 0 | L105: =I105+J105 -> 0
...

Sheet Cronograma
A1: INCLUIR LOGOTIPO DA EMPRESA
A6: DADOS DA EMPRESA
A7: DADOS DA EMPRESA
A8: DADOS DA EMPRESA
A9: CRONOGRAMA FÍSICO-FINANCEIRO
A10: Obra: ADEQUAÇÕES NA INFRAESTRUTURA DOS BLOCOS 3 e 4 | D10: Endereço: Rua Pinheiro Machado, 205
A11: Cliente: CÂMPUS AVANÇADO NOVO HAMBURGO | D11: Cidade: Novo Hamburgo - RS
A14: ITEM | B14: 30 dias | D14: 60 dias | F14: TOTAL
B15: VALOR | C15: % | D15: VALOR | E15: % | F15: VALOR | G15: %
A16: 2. SERVIÇOS PRELIMINARES / TÉCNICOS | B16: =C16*$F16 -> 0 | C16: 0.7039 | D16: =E16*$F16 -> 0 | E16: 0.2961 | F16: ='Orçamento EMPRESA'!M13 -> 0 | G16: =C16+E16 -> 1
A17: 3. MOVIMENTO DE TERRA | B17: =C17*$F17 -> 0 | C17: 1 | D17: =E17*$F17 -> 0 | E17: 0 | F17: ='Orçamento EMPRESA'!M32 -> 0 | G17: =C17+E17 -> 1
A18: 10. INSTALAÇÕES ELÉTRICAS | B18: =C18*$F18 -> 0 | C18: 0.5 | D18: =E18*$F18 -> 0 | E18: 0.5 | F18: ='Orçamento EMPRESA'!M40 -> 0 | G18: =C18+E18 -> 1
A19: 11. INSTALAÇÕES LÓGICA/TELEFÔNICA | B19: =C19*$F19 -> 0 | C19: 0.5 | D19: =E19*$F19 -> 0 | E19: 0.5 | F19: ='Orçamento EMPRESA'!M85 -> 0 | G19: =C19+E19 -> 1
A20: 15. REVESTIMENTOS | B20: =C20*$F20 -> 0 | C20: 1 | D20: =E20*$F20 -> 0 | F20: ='Orçamento EMPRESA'!M121 -> 0 | G20: =C20+E20 -> 1
A21: 21. GERENCIAMENTO DE OBRAS / FISCALIZAÇÃO | B21: =C21*$F21 -> 0 | C21: 0.5 | D21: =E21*$F21 -> 0 | E21: 0.5 | F21: ='Orçamento EMPRESA'!M124 -> 0 | G21: =C21+E21 -> 1
A22: 24. PISO | B22: =C22*$F22 -> 0 | C22: 1 | D22: =E22*$F22 -> 0 | F22: ='Orçamento EMPRESA'!M128 -> 0 | G22: =C22+E22 -> 1
A23: Total da Etapa | B23: =SUM(B16:B22) -> 0 | C23: =B23/$F$23 -> #DIV/0! | D23: =SUM(D16:D22) -> 0 | E23: =D23/$F$23 -> #DIV/0! | F23: =SUM(F16:F22) -> 0 | G23: =C23+E23 -> #DIV/0!
D26: Local e Data
D29: Nome do Profissional Responsável
D30: Especificação do Cargo/função
D31: N° do CREA ou CAU
A53: Inst. Fed. de Educ., Ciencia e Tecnol. Sul-rio-grandense
A54: CNPJ 10.729.992/0001-46
A55: Rua Gonçalves Chaves, 3218, Centro - Pelotas - Fone 53 - 3026-6211 / 3026-6210
A56: email: dpo@ifsul.edu.br / dpo_cproj@ifsul.edu.br
